 Dungeon Crawl Stone Soup version 0.26.1-2-gb8aa6d0cf2 (webtiles) character file.

Game seed: 11257608890481870524

7313 Gadfly the Commander (level 11, -13/107 HPs)
             Began as an Ogre Monk on Feb 12, 2021.
             Was a High Priest of Okawaru.
             Mangled by Snorg (17 damage)
             ... on level 10 of the Dungeon.
             The game lasted 00:15:38 (14092 turns).

Gadfly the Commander (Ogre Monk)                   Turns: 14092, Time: 00:15:47

Health: -13/107    AC:  8    Str: 24    XL:     11   Next: 13%
Magic:  16/16      EV: 10    Int: 11    God:    Okawaru [*****.]
Gold:   600        SH:  5    Dex: 11    Spells: 10/10 levels left

rFire    . . .     SeeInvis .   b - +7 sceptre of Torment {pain, torment}
rCold    + . .     Faith    .   (no shield)
rNeg     . . .     Spirit   .   p - +1 robe of Awe {Str+4}
rPois    .         Reflect  +   (helmet restricted)
rElec    .         Harm     .   s - scarf {shadows}
rCorr    .         Rampage  .   (gloves unavailable)
Will     +....                  (boots unavailable)
Stlth    ++........             u - amulet of reflection
HPRegen  0.27/turn              k - +4 ring of protection
MPRegen  0.15/turn              c - ring of protection from cold

@: about to teleport
A: large, unfitting armour, tough skin 1
a: Renounce Religion, Heroism, Finesse


You were on level 10 of the Dungeon.
You worshipped Okawaru.
Okawaru was extremely pleased with you.
You visited 3 branches of the dungeon, and saw 12 of its levels.

You collected 785 gold pieces.
You spent 185 gold pieces at shops.

Inventory:

Hand Weapons
 a - a +1 flail of venom
 b - the +7 sceptre of Torment (weapon) {pain, torment}
   (You acquired it on level 8 of the Dungeon)

   In the hands of one skilled in necromantic magic, it inflicts extra damage on
   living creatures.
 z - a +0 vorpal morningstar
Missiles
 g - 2 silver javelins
 w - 8 boomerangs (quivered)
 A - 4 large rocks
 D - 4 javelins
Armour
 p - the +1 robe of Awe (worn) {Str+4}
   (You found it on level 5 of the Dungeon)

   It affects your strength (+4).
 s - a scarf of shadows (worn)
Jewellery
 c - a ring of protection from cold (right hand)
 i - an uncursed ring of flight
 k - a +4 ring of protection (left hand)
 r - an uncursed ring of protection from fire
 u - an amulet of reflection (around neck)
 x - an uncursed ring of fire
Wands
 e - a wand of flame (19)
 m - a wand of random effects (37)
 v - a wand of polymorph (8)
 F - a wand of acid (7)
Scrolls
 j - 5 scrolls of teleportation
 o - 6 scrolls of remove curse
 y - 2 scrolls of enchant armour
 C - a scroll of blinking
 E - 4 scrolls of identify
Potions
 d - 2 potions of curing
 f - a potion of mutation
 h - a potion of lignification
 l - 3 potions of degeneration {unknown}
 n - 2 potions of heal wounds
 q - a potion of haste
 t - a potion of resistance
 B - a potion of attraction {unknown}
 G - a potion of berserk rage {unknown}


   Skills:
 + Level 6.9 Fighting
 * Level 7.1 Maces & Flails
 + Level 6.5 Throwing
 * Level 6.5 Armour
 - Level 2.6 Dodging
 - Level 1.4 Stealth
 + Level 7.1 Invocations
 * Level 6.6 Evocations


You had 10 spell levels left.
You didn't know any spells.
Your spell library contained the following spells:

 Spells                   Type           Power        Failure   Level
 Beastly Appendage        Tmut           0%           34%         1
 Magic Dart               Conj           0%           34%         1
 Blink                    Tloc           N/A          47%         2
 Call Imp                 Summ           0%           47%         2
 Slow                     Hex            0%           47%         2
 Wereblood                Tmut           0%           47%         2
 Conjure Flame            Conj/Fire      0%           71%         3
 Mephitic Cloud           Conj/Pois/Air  0%           71%         3
 Spider Form              Tmut/Pois      0%           71%         3
 Cause Fear               Hex            0%           98%         4
 Ice Form                 Ice/Tmut       0%           98%         4
 Blade Hands              Tmut           0%           100%        5
 Silence                  Hex/Air        0%           100%        5
 Yara's Violent Unravell  Hex/Tmut       0%           100%        5
 Discord                  Hex            0%           100%        8


Dungeon Overview and Level Annotations

Branches:
Dungeon (10/15)            Temple (1/1) D:5            Lair (1/6) D:8
    Orc: D:9-12

Altars:
Ashenzari
Cheibriados
Dithmenos
Elyvilon
Fedhas
Gozag
Hepliaklqana
Kikubaaqudgha
Makhleb
Nemelex Xobeh
Okawaru
Qazlal
Ru
Sif Muna
Trog
Uskayaw
Vehumet
Wu Jian
Xom
Yredelemnul
Zin
The Shining One

Shops:
D:7 ?   D:10 [[

Annotations:
D:10 Snorg


Innate Abilities, Weirdness & Mutations

You are too large for most types of armour.
You have tough skin. (AC +1)


Message History

The orc warrior moves out of view.
You hear a shout!
As you read the scroll of teleportation, it crumbles to dust.
You feel strangely unstable.
You hear a shout! x2
Snorg bites you!
* * * LOW HITPOINT WARNING * * *
Snorg claws you but does no damage. Snorg claws you!
* * * LOW HITPOINT WARNING * * *
Snorg bites you.
* * * LOW HITPOINT WARNING * * *
Snorg misses you. You block Snorg's attack.
You hear a shout!
Snorg rages.
Snorg bites you!
* * * LOW HITPOINT WARNING * * *
Snorg claws you.
* * * LOW HITPOINT WARNING * * *
Snorg claws you!
You die...

#[<## #.# #..# #..
#..# ###
#####..###
.........#########
#####..#..........
#......###########
#.####.# #@# #.#
#T# #.# .o #.# #[#
o8..###.# #.#
#...(o.# #.#
#.###### .


You could see Snorg (berserk) and an orc.

Vanquished Creatures
  Erolcha (D:9)
  A two-headed ogre (D:8)
  3 death yaks
  A yak (D:5)
  A wyvern (D:10)
  Eustachio (D:6)
  A water moccasin (D:8)
  5 ice beasts
  An orc warrior (D:6)
  3 black bears
  A sky beast (D:5)
  A necrophage (D:9)
  7 ogres
  2 big kobolds (D:10)
  5 bullfrogs
  3 scorpions
  A howler monkey (D:4)
  A bullfrog zombie (D:5)
  3 jellies
  2 orc priests
  A bullfrog skeleton (D:6)
  6 hounds
  A centaur skeleton (D:9)
  4 iguanas
  Natasha (thrice) (D:2)
  4 orc wizards
  11 worker ants
  3 hell rats (D:8)
  A hound zombie (D:6)
  A hound skeleton (D:4)
  10 adders
  6 gnolls
  4 shadow imps
  An ufetubus (D:10)
  An ooze (D:4)
  3 adder skeletons
  An adder zombie (D:5)
  3 worms
  4 leopard geckos
  25 orcs
  4 ball pythons
  3 bats
  5 giant cockroaches
  4 goblins
  9 hobgoblins
  8 jackals
  19 kobolds
  6 quokkas
  A frilled lizard (D:1)
  A leopard gecko skeleton (D:6)
  7 rats
204 creatures vanquished.

Vanquished Creatures (others)
  A fungus (Lair:1)
1 creature vanquished.

Grand Total: 205 creatures vanquished

Notes
Turn   | Place    | Note
-------+----------+-------------------------------------------
     0 | D:1      | Gadfly the Ogre Monk began the quest for the Orb.
     0 | D:1      | Reached XP level 1. HP: 24/24 MP: 1/1
   248 | D:1      | Reached XP level 2. HP: 32/32 MP: 2/2
   842 | D:1      | Reached skill level 1 in Invocations
   847 | D:1      | Reached skill level 1 in Throwing
  1250 | D:2      | Reached XP level 3. HP: 32/39 MP: 3/3
  1411 | D:2      | Noticed Natasha
  1422 | D:2      | Killed Natasha
  1423 | D:2      | Reached skill level 1 in Armour
  1423 | D:2      | Reached skill level 1 in Evocations
  1423 | D:2      | Reached XP level 4. HP: 33/48 MP: 3/5
  1676 | D:2      | Noticed Natasha
  1687 | D:2      | Killed Natasha
  1700 | D:2      | Noticed Natasha
  1710 | D:2      | Killed Natasha
  1711 | D:2      | Reached XP level 5. HP: 13/54 MP: 6/6
  2715 | D:3      | Reached XP level 6. HP: 33/62 MP: 7/7
  3535 | D:4      | Reached XP level 7. HP: 27/70 MP: 9/9
  4511 | D:5      | Entered Level 5 of the Dungeon
  4820 | D:5      | Got a faintly humming robe
  4831 | D:5      | Identified the +1 robe of Awe {Str+4} (You found it on
                  | level 5 of the Dungeon)
  5221 | D:5      | Found a staircase to the Ecumenical Temple.
  5464 | D:5      | Reached XP level 8. HP: 46/78 MP: 11/11
  6209 | D:6      | Noticed Eustachio
  6228 | D:6      | Killed Eustachio
  6229 | D:6      | Reached skill level 5 in Invocations
  6688 | Temple   | Entered the Ecumenical Temple
  6803 | Temple   | Became a worshipper of Warmaster Okawaru
  6803 | Temple   | Reached * piety under Okawaru
  6803 | Temple   | Reached ** piety under Okawaru
  7154 | D:5      | Noticed a yak
  7173 | D:5      | Killed a yak
  7174 | D:5      | Reached XP level 9. HP: 60/84 MP: 10/13
  7350 | D:5      | Reached skill level 5 in Throwing
  8786 | D:7      | Found Waaddob's Magic Scroll Shop.
  8793 | D:7      | Bought a scroll of identify for 32 gold pieces
  8817 | D:7      | Reached skill level 5 in Maces & Flails
  8950 | D:7      | Found a burning altar of Makhleb.
  8952 | D:7      | Noticed a balrug
  9601 | D:8      | Noticed a two-headed ogre
  9656 | D:8      | Killed a two-headed ogre
  9656 | D:8      | Reached *** piety under Okawaru
  9657 | D:8      | Reached skill level 5 in Fighting
  9657 | D:8      | Reached skill level 5 in Armour
  9657 | D:8      | Reached skill level 5 in Evocations
  9954 | D:8      | Found a staircase to the Lair.
  9954 | D:8      | Noticed a death yak
  9955 | D:8      | Noticed a death yak
  9989 | D:7      | Killed a death yak
  9989 | D:7      | Reached **** piety under Okawaru
  9990 | D:7      | Reached XP level 10. HP: 18/98 MP: 14/14
 10325 | D:8      | Noticed a death yak
 11227 | Lair:1   | Entered Level 1 of the Lair of Beasts
 11353 | D:8      | Found a blossoming altar of Fedhas.
 11521 | D:8      | Identified a scroll of acquirement
 11521 | D:8      | Acquired the +7 sceptre of Torment {pain, torment}
 11522 | D:8      | Found the +7 sceptre of Torment {pain, torment}
 11775 | D:8      | Killed a death yak
 11779 | D:8      | Killed a death yak
 11779 | D:8      | Received a gift from Okawaru
 11779 | D:8      | Reached ***** piety under Okawaru
 12345 | D:9      | Noticed Erolcha
 12355 | D:9      | Killed Erolcha
 12884 | D:9      | Reached XP level 11. HP: 107/107 MP: 16/16
 13069 | D:9      | Received a gift from Okawaru
 13224 | D:10     | Entered Level 10 of the Dungeon
 13292 | D:10     | Found Etuwkulo's Antique Armour Shop.
 13300 | D:10     | Bought an opalescent robe for 153 gold pieces
 13310 | D:10     | Identified the +1 robe "Veurch" {rF+} (You bought it in a
                  | shop on level 10 of the Dungeon)
 13797 | D:10     | Found Neipt's Antique Armour Emporium.
 14085 | D:10     | Noticed Snorg
 14092 | D:10     | HP: 4/107 [Snorg (3)]
 14092 | D:10     | Mangled by Snorg

Illustrated notes

Levels and vault maps discovered:
D:1:      lemuel_arrival_rhombus, layout_basic
D:2:      layout_basic, uniq_natasha
D:3:      layout_rooms
D:4:      layout_loops_ring, st_stairs_7
D:5:      cheibrodos_barr_body, layout_loops_ring,
          minmay_temple_entry_from_below_b
D:6:      layout_loops_ring, minmay_misc_feat_plants, uniq_eustachio
D:7:      layout_cave_pods, makhleb_altar_promises_db, serial_shops, shop
D:8:      layout_basic, dpeg_lair_monsters, fedhas_altar_2
D:9:      layout_layer_cave, uniq_erolcha
D:10:     layout_loops_ring, david_orc_5, serial_shops, shop,
          nicolae_shop_trees, uniq_snorg
Temple:   kilobyte_greek_temple
Lair:1:   layout_cave_pods

Skill      XL: |  1  2  3  4  5  6  7  8  9 10 11 |
---------------+----------------------------------+-----
Invocations    | 1 2 3 4 5 6 7 |  7.1
Throwing       | 1 2 3 4 5 6 |  6.5
Armour         | 1 2 3 4 5 6 |  6.5
Evocations     | 1 2 3 4 5 6 |  6.6
Maces & Flails | 3 4 5 6 7 |  7.1
Fighting       | 5 6 |  6.9
Dodging        | |  2.6
Stealth        | |  1.4

Action                   |  1- 3 |  4- 6 |  7- 9 | 10-12 || total
-------------------------+-------+-------+-------+-------++-------
Melee: Mace              |    27 |       |       |       ||    27
       Whip              |    44 |   171 |   231 |       ||   446
       Punch             |       |       |     2 |       ||     2
       Flail             |       |       |    85 |    47 ||   132
       Eveningstar       |       |       |       |   115 ||   115
Throw: Stone             |     1 |     6 |     2 |       ||     9
       Boomerang         |       |       |       |    12 ||    12
       Javelin           |       |       |       |     2 ||     2
Invok: Heroism           |       |       |     2 |       ||     2
Evoke: Wand              |       |     1 |       |       ||     1
  Use: Scroll            |     1 |     8 |     8 |     3 ||    20
       Potion            |       |     2 |     2 |       ||     4
 Stab: Sleeping          |     2 |     2 |     1 |     1 ||     6
Armor: Robe              |    18 |    43 |    95 |    52 ||   208
Dodge: Dodged            |    31 |   101 |   142 |    85 ||   359
Block: Other             |       |       |    15 |    34 ||    49
       Reflection        |       |       |     1 |     1 ||     2
